 Seeded DCSS version 0.30-a0-341-g682706514a (webtiles) character file.

Game seed: 7130546335830651708 (custom seed)

8388 purpskrrrp the Thaumaturge (level 11, -4/58 HPs)
             Began as a Djinni Earth Elementalist on Nov 4, 2022.
             Was an Elder of Hepliaklqana.
             Slain by Harold
             ... wielding a +0 battleaxe
              (15 damage)
             ... on level 8 of the Dungeon.
             The game lasted 00:40:03 (12526 turns).

purpskrrrp the Thaumaturge (DjEE)                  Turns: 12526, Time: 00:40:03

Health: -4/58      AC: 10    Str:  7    XL:     11   Next: 54%
Gold:   1685       EV: 12    Int: 25    God:    Hepliaklqana [****..] SH:  0 Dex: 16

rFire   + + .      SeeInvis .    d - staff of earth
rCold   . . .      Faith    .    (no shield)
rNeg    . . .      Spirit   .    J - +2 robe {rC+}
rPois   ∞          Reflect  +    Q - +1 helmet
rElec   +          Harm     .    w - scarf {shadows}
rCorr   +          Rampage  .    k - +1 pair of gloves
Will    +....                    (boots unavailable)
Stlth   ++........               v - amulet of reflection
HPRegen 0.29/turn                g - +6 ring of dexterity
MPRegen 0.00/turn                L - ring "Yrhunibb" {rElec rCorr EV+4 Int+4 Dex-4}

@: marked, flying, held
A: reduced essence, sickness immunity, fire resistance 2, cold vulnerability 1,
float, innate caster, HP casting, extra vitality 1, iridescent scales 1
a: Renounce Religion, Recall Ancestor, Ancestor Identity, Transference, Idealise


You were on level 8 of the Dungeon.
You worshipped Hepliaklqana.
Hepliaklqana was greatly pleased with you.
You visited 3 branches of the dungeon, and saw 13 of its levels.
You also visited: Bailey.

You collected 1685 gold pieces.

Inventory:

Hand Weapons
 u - a +2 quarterstaff of speed
 B - a +3 trident
Missiles
 h - 3 throwing nets
 H - 6 curare-tipped darts
Armour
 k - a +1 pair of gloves (worn)
 w - a scarf of shadows (worn)
 C - a +2 kite shield of cold resistance
 J - a +2 robe of cold resistance (worn)
 N - a +3 plate armour of positive energy
 Q - a +1 helmet (worn)
Magical Staves
 d - a staff of earth (weapon)
 l - a staff of death
 O - a staff of conjuration
Jewellery
 g - a +6 ring of dexterity (left hand)
 v - an amulet of reflection (around neck)
 F - a +6 ring of dexterity
 L - the ring "Yrhunibb" (right hand) {rElec rCorr EV+4 Int+4 Dex-4}
   (You found it on level 9 of the Dungeon)

   [ring of evasion]

   EV:        It affects your evasion (+4).
   Int:       It affects your intelligence (+4).
   Dex:       It affects your dexterity (-4).
   rElec:     It insulates you from electricity.
   rCorr:     It protects you from acid and corrosion.
Wands
 z - a wand of acid (9)
 A - a wand of flame (30)
 D - a wand of polymorph (5)
Scrolls
 n - 2 scrolls of butterflies
 s - 2 scrolls of silence
 x - 2 scrolls of enchant weapon
 E - 3 scrolls of teleportation
 P - 2 scrolls of immolation
Potions
 b - a potion of brilliance
 e - a potion of heal wounds
 f - 2 potions of might
 i - a potion of ambrosia
 m - a potion of invisibility
 o - 2 potions of resistance
 p - 3 potions of cancellation
 q - 3 potions of haste
 t - 6 potions of curing
 G - 2 potions of lignification


   Skills:
 + Level 6.0 Dodging
 - Level 1.5 Stealth
 * Level 12.9 Spellcasting


You had 11 spell levels left.
You knew the following spells:

 Your Spells              Type           Power      Damage    Failure   Level
a - Sandblast             Erth           100%       2d20      1%          1
b - Passwall              Tmut/Erth      73%        N/A       1%          2
c - Stone Arrow           Conj/Erth      100%       3d13      1%          3
d - Petrify               Tmut/Erth      88%        N/A       1%          4
e - Freeze                Ice            100%       1d10      1%          1
f - Scorch                Fire           100%       2d10      1%          2
g - Tukima's Dance        Hex            69%        N/A       1%          3
h - Call Canine Familiar  Summ           69%        N/A       1%          3
i - Metabolic Englaciati  Hex/Ice        34%        N/A       1%          5
Your spell library was empty.

Dungeon Overview and Level Annotations

Branches:
Dungeon (11/15)            Temple (1/1) D:6            Lair (1/5) D:8
    Orc (0/2) D:10         Bailey (visited)

Altars:
Ashenzari
Cheibriados
Dithmenos
Elyvilon
Fedhas
Gozag
Hepliaklqana
Makhleb
Nemelex Xobeh
Okawaru
Qazlal
Ru
Trog
Uskayaw
Wu Jian
Xom
Yredelemnul
Zin
The Shining One

Shops:
D:4 [   D:10 [(

Annotations:
D:8 Harold


Innate Abilities, Weirdness & Mutations

Your life essence is reduced to manifest your ancestor. (-10% HP)
You are immune to sickness and miasma.
You are immune to poison.
Your flesh is very heat resistant. (rF++)
You are vulnerable to cold. (rC-)
You float through the air rather than walking.
You learn spells naturally, not from books.
Your magical power is your life essence.
You have superior vitality. (+4 MHP)
You are partially covered in iridescent scales. (AC +2)


Message History

The bullfrog hits the fungus!
You block the water moccasin's attack.
Your warg misses the bullfrog.
The bullfrog hits the fungus!
Harold thinks, and says "Perhaps I'll take up fishing after I'm done here..."
The komodo dragon bites the fungus!
The water moccasin bites you.
Aiming: Sandblast (safe; 1% risk of failure)
Press: ? - help, Q - select action, (/) - cycle Shift-Dir - straight line, f - komodo dragon, p - Harold
Aim: a komodo dragon (moderately wounded, 89% to hit)
You feel a surge of power!
The blast of sand hits the water moccasin!!
You kill the water moccasin!
Harold hits the plant with a +0 battleaxe!
The bullfrog hits you but does no damage.
The komodo dragon bites the plant!!
Your warg closely misses the bullfrog.
You block the bullfrog's attack.
Harold hits the plant with a +0 battleaxe!!
The komodo dragon bites the fungus.
Aiming: Sandblast (safe; 1% risk of failure)
Press: ? - help, Q - select action, (/) - cycle Shift-Dir - straight line, f/p - komodo dragon
Aim: a komodo dragon (moderately wounded, 89% to hit)
You feel a surge of power!
The blast of sand hits the bullfrog!!
You kill the bullfrog!
A nearby plant withers and dies.
Your warg closely misses the komodo dragon.
Your warg bites the komodo dragon.
Harold throws a throwing net.
The throwing net hits you.
You become entangled in the net!
Your Dodging skill increases to level 6!
You struggle against the net.
A nearby fungus withers and dies.
Your warg bites the komodo dragon!
The komodo dragon bites your warg!!
Your warg bites the komodo dragon!
You struggle against the net.
The komodo dragon bites your warg!
Your warg dies!
Your warg's corpse disappears in a puff of smoke!
Harold casts a spell at you. A sentinel's mark forms upon you.
The komodo dragon hisses angrily.
You struggle against the net.
The komodo dragon bites you!
* * * LOW HITPOINT WARNING * * *
Harold says happily, "The price on your head will fill my nest egg nicely!"
Harold hits you with a +0 battleaxe!
You die...

##.###......##.#.# #..
#.# #......##.#.######
#.###......#..#.......
#.##.......#.##.######
#............##.#
#....###.....##.#
#.#...≈...#..##'#####
##..#...#..#.#......#
###.##@PP##.#.#......##
#.#..@l.PP..#.#......#8
#.#≈..§>.P.≈#.#......#.
#.#..P§§....#.#R.....#.
#.#.##P.P##.#....######
#.#..#...#..##########.
#..#...≈...#........##.
#.....###....######.##.
#............# #....


You could see Harold and a komodo dragon.

Vanquished Creatures
  A two-headed ogre (D:10)
  The ghost of FizzleBag the Fighter, a novice MiFi (D:7)
  A cane toad (Lair:1)
  A tengu conjurer (D:11)
  3 trolls
  Grinder (D:4)
  3 blink frogs (D:8)
  A vampire (D:10)
  A wraith (D:9)
  A basilisk (Lair:1)
  A steam dragon (D:10)
  Menkaure (D:4)
  3 water moccasins
  2 ice beasts (D:7)
  2 black bears
  5 orc warriors
  A centaur (D:7)
  2 kobold brigands (Bailey)
  3 gnoll sergeants
  5 bullfrogs
  2 necrophages
  2 scorpions
  3 wights (D:8)
  A howler monkey (D:5)
  An orc priest (D:4)
  4 hounds
  A gnoll bouda (D:8)
  4 jellies
  2 iguanas
  5 orc wizards
  21 gnolls
  12 adders
  2 white imps (D:7)
  An ufetubus (D:7)
  A dart slug (D:2)
  25 orcs
  A bat (D:3)
  18 endoplasms
  2 giant cockroaches
  8 hobgoblins
  21 kobolds
  5 ball pythons
  A frilled lizard (D:2)
  3 goblins
  2 rats
187 creatures vanquished.

Vanquished Creatures (collateral kills)
  Erica (D:8)
  A blink frog (D:8)
  A shadow (D:9)
  An orc warrior (Bailey)
  A sky beast (D:7)
  An ogre (D:5)
  4 kobold brigands (Bailey)
  A hound (D:5)
  An iguana (D:4)
  An orc wizard (D:7)
  An adder (D:4)
  2 gnolls
  An orc (D:8)
  An endoplasm (D:4)
  A giant cockroach (D:4)
  3 goblins (D:8)
  2 hobgoblins (D:8)
  A kobold (Bailey)
25 creatures vanquished.

Vanquished Creatures (others)
  A knight (D:8)
  An ancestor (D:4)
  11 fungi
  14 plants
  4 toadstools (D:4)
31 creatures vanquished.

Grand Total: 243 creatures vanquished

Notes
Turn   | Place    | Note
-------+----------+-------------------------------------------
     0 | D:1      | purpskrrrp the Djinni Earth Elementalist began the quest
                  | for the Orb.
     0 | D:1      | purpskrrrp set off with the following spells memorised:
                  | Sandblast, Passwall, Stone Arrow, Petrify.
     0 | D:1      | Reached XP level 1. HP: 15/15 MP: 0/0
    93 | D:1      | Reached XP level 2. HP: 21/21 MP: 0/0
   322 | D:1      | Reached skill level 3 in Spellcasting
   552 | D:1      | Identified a scroll of acquirement
   552 | D:1      | Acquired a staff of earth
   634 | D:2      | Reached XP level 3. HP: 24/25 MP: 0/0
   634 | D:2      | Learned a level 1 spell: Freeze
   781 | D:2      | Reached XP level 4. HP: 29/31 MP: 0/0
  1595 | D:3      | Reached skill level 4 in Spellcasting
  1695 | D:3      | Found a faded altar of an unknown god.
  1741 | D:3      | Reached XP level 5. HP: 34/35 MP: 0/0
  1741 | D:3      | Learned a level 2 spell: Scorch
  2196 | D:4      | Noticed Menkaure
  2211 | D:3      | Reached XP level 6. HP: 25/40 MP: 0/0
  2328 | D:3      | Prayed at the altar of an unknown god.
  2328 | D:3      | Became a worshipper of Hepliaklqana the Forgotten
  2328 | D:3      | Reached * piety under Hepliaklqana
  2430 | D:4      | Killed Menkaure
  2431 | D:4      | Reached skill level 5 in Spellcasting
  2534 | D:4      | Noticed Grinder
  2548 | D:4      | Killed Grinder
  2549 | D:4      | Reached skill level 6 in Spellcasting
  2549 | D:4      | Reached XP level 7. HP: 24/40 MP: 0/0
  2549 | D:4      | Learned a level 3 spell: Tukima's Dance
  2831 | D:4      | Found a glowing silver altar of Zin.
  2858 | D:4      | Found a blossoming altar of Fedhas.
  2876 | D:4      | Reached XP level 8. HP: 42/45 MP: 0/0
  3116 | D:4      | Reached skill level 7 in Spellcasting
  3326 | D:4      | Found Cake's Armour Emporium.
  3420 | D:4      | Found a hazy altar of Hepliaklqana.
  3670 | D:5      | Entered Level 5 of the Dungeon
  4137 | D:5      | Reached ** piety under Hepliaklqana
  4138 | D:5      | Remembered your ancestor Shatu-murrim as a knight
  4393 | D:5      | Found an iron altar of Okawaru.
  4989 | D:6      | Reached skill level 8 in Spellcasting
  5135 | D:6      | Found a staircase to the Ecumenical Temple.
  5152 | Temple   | Entered the Ecumenical Temple
  5368 | D:6      | Reached XP level 9. HP: 43/49 MP: 0/0
  5368 | D:6      | Learned a level 3 spell: Call Canine Familiar
  6408 | D:7      | Reached skill level 9 in Spellcasting
  6662 | D:7      | Reached *** piety under Hepliaklqana
  7037 | D:7      | Found a shadowy altar of Dithmenos.
  7208 | D:7      | Found a large runed translucent door.
  7208 | D:7      | Found a large runed translucent door.
  7213 | D:7      | Noticed FizzleBag's ghost (novice MiFi)
  7418 | D:7      | Killed FizzleBag's ghost
  7419 | D:7      | Reached skill level 10 in Spellcasting
  7817 | D:8      | Reached XP level 10. HP: 44/54 MP: 0/0
  7859 | D:8      | Found an ornate altar of the Wu Jian Council.
  8178 | D:8      | Found a staircase to the Lair.
  8364 | D:8      | Found a flagged portal.
  8379 | Bailey   | Entered a bailey
  8421 | Bailey   | Reached skill level 11 in Spellcasting
  8751 | Bailey   | Found a bloodstained altar of Trog.
  8898 | D:8      | Noticed Erica
  8907 | D:8      | Killed Erica
  9032 | D:8      | Found an opulent altar of Gozag.
  9083 | D:8      | Reached **** piety under Hepliaklqana
 10061 | D:9      | Found a shimmering altar of Xom.
 10061 | D:9      | Found a shimmering altar of Xom.
 10061 | D:9      | Found a shimmering altar of Xom.
 10062 | D:9      | Found a shimmering altar of Xom.
 10062 | D:9      | Found a shimmering altar of Xom.
 10062 | D:9      | Found a shimmering altar of Xom.
 10062 | D:9      | Found a shimmering altar of Xom.
 10525 | D:9      | Identified the ring "Yrhunibb" {rElec rCorr EV+4 Int+4
                  | Dex-4}
 10727 | D:10     | Entered Level 10 of the Dungeon
 10867 | D:10     | Reached skill level 12 in Spellcasting
 10872 | D:10     | Found Pudwayp's Weapon Shoppe.
 10967 | D:10     | Found a staircase to the Orcish Mines.
 10969 | D:10     | Found Saicaul's Armour Shoppe.
 11007 | D:10     | Reached XP level 11. HP: 52/58 MP: 0/0
 11007 | D:10     | Learned a level 5 spell: Metabolic Englaciation
 11560 | D:10     | Noticed a two-headed ogre
 11563 | D:10     | Killed a two-headed ogre
 11566 | D:10     | Reached skill level 5 in Dodging
 11872 | D:11     | Noticed a rakshasa
 11872 | D:11     | Noticed a boulder beetle
 11872 | D:11     | Noticed a deep elf pyromancer
 11872 | D:11     | Noticed a skeletal warrior
 11872 | D:11     | Noticed a tengu warrior
 11872 | D:11     | Noticed an ogre mage
 11872 | D:11     | Noticed a manticore
 12040 | Lair:1   | Entered Level 1 of the Lair of Beasts
 12044 | Lair:1   | Noticed Harold
 12176 | D:8      | Gained mutation: You are agile. (Dex +4, Str/Int -1)
                  | [potion of mutation]
 12176 | D:8      | Gained mutation: You passively dampen the noise of your
                  | surroundings. [potion of mutation]
 12177 | D:8      | Lost mutation: You passively dampen the noise of your
                  | surroundings. [potion of mutation]
 12177 | D:8      | Lost mutation: You are agile. (Dex +4, Str/Int -1) [potion
                  | of mutation]
 12177 | D:8      | Gained mutation: You are weak. (Str -2) [potion of
                  | mutation]
 12177 | D:8      | Gained mutation: Your body sometimes deteriorates upon
                  | taking damage. [potion of mutation]
 12177 | D:8      | Gained mutation: You possess an exceptional clarity of
                  | mind. [potion of mutation]
 12177 | D:8      | Gained mutation: You are robust. (+10% HP) [potion of
                  | mutation]
 12178 | D:8      | Lost mutation: Your body sometimes deteriorates upon taking
                  | damage. [potion of mutation]
 12178 | D:8      | Lost mutation: You are robust. (+10% HP) [potion of
                  | mutation]
 12178 | D:8      | Lost mutation: You possess an exceptional clarity of mind.
                  | [potion of mutation]
 12178 | D:8      | Gained mutation: You are partially covered in iridescent
                  | scales. (AC +2) [potion of mutation]
 12178 | D:8      | Gained mutation: You have hidden genetic defects. [potion
                  | of mutation]
 12179 | D:8      | Lost mutation: You are weak. (Str -2) [potion of mutation]
 12179 | D:8      | Lost mutation: You have hidden genetic defects. [potion of
                  | mutation]
 12179 | D:8      | Lost mutation: You are partially covered in iridescent
                  | scales. (AC +2) [potion of mutation]
 12179 | D:8      | Gained mutation: You are partially covered in iridescent
                  | scales. (AC +2) [potion of mutation]
 12194 | D:8      | HP: 2/58 [blink frog (5)]
 12526 | D:8      | Slain by Harold

Illustrated notes

Levels and vault maps discovered:
D:1:      dpeg_arrival_refuge, layout_basic
D:2:      layout_basic
D:3:      layout_rooms, nicolae_vehumet_radiance,
          shapermc_ecumenical_altar_petra
D:4:      cheibrodos_fertilizer, layout_basic, nicolae_hepliaklqana_hazy_memory,
          grunt_temple_overflow_open, kennysheep_windowed_goal, uniq_menkaure,
          uniq_grinder
D:5:      layout_loops_corners, okawaru_ov_weapons_minmay, serial_glass,
          glass_columns_a, glass_columns_c, glass_columns_b, glass_columns_a,
          chequers_serial_rivers_micro_c, grunt_decor_clamped
D:6:      layout_basic, minmay_temple_entry_junction_2, grunt_ministairs_9,
          hangedman_decor_riveting
D:7:      layout_basic, mainiacjoe_overflow_paths, ebering_ghost_disaster_area
D:8:      layout_basic, grunt_gozag_breadcrumbs,
          nicolae_wu_jian_immortal_techniques, dpeg_oklobed_lair,
          enter_bailey_4, uniq_erica
D:9:      minmay_weird_star, layout_long_grid, xom_redecorated
D:10:     layout_roguey, orc_david_3, kennysheep_generic_room_15
D:11:     minmay_ambush_box, layout_stronghold
Temple:   hc_temple_tempest_star
Lair:1:   layout_big_grid, serial_bayou_shore_b, infiniplex_staircase_pool_2,
          lemuel_fruit_tree, grunt_megastairs_4, uniq_harold

Skill      XL: |  1  2  3  4  5  6  7  8  9 10 11 |
---------------+----------------------------------+-----
Spellcasting   | 3 4 6 8 10 12 | 12.9
Dodging        | 3 6 |  6.0
Stealth        | |  1.5

Action                   |  1- 3 |  4- 6 |  7- 9 | 10-12 || total
-------------------------+-------+-------+-------+-------++-------
Melee: Unarmed           |     5 |       |       |       ||     5
       Staff             |     5 |    12 |    49 |    49 ||   115
 Cast: Sandblast         |    27 |    39 |    10 |     6 ||    82
       Stone Arrow       |       |       |   109 |   103 ||   212
       Scorch            |       |       |     1 |     1 ||     2
       Tukima's Dance    |       |       |       |     5 ||     5
       Call Canine Famil |       |       |       |     2 ||     2
Invok: Ancestor Identity |       |     1 |       |       ||     1
       Recall Ancestor   |       |       |     2 |     2 ||     4
       Ancestor Life: Kn |       |       |     1 |       ||     1
       Transference      |       |       |       |     1 ||     1
  Use: Scroll            |     5 |     6 |     9 |     7 ||    27
       Potion            |       |       |       |     5 ||     5
Armor: Robe              |       |     3 |    15 |    14 ||    32
Dodge: Dodged            |     6 |    18 |    61 |    62 ||   147
Block: Other             |       |       |     6 |    15 ||    21
       Reflection        |       |       |     1 |     1 ||     2

Table legend: (Time is in decaauts)
 A = Elapsed time spent in this place.
 B = Non-inter-level travel time spent in this place.
 C = Inter-level travel time spent in this place.
 D = Time resting spent in this place.
 E = Time spent auto-exploring this place.
 F = Levels seen in this place.
 G = Mean time per level.
                   A        B        C        D        E       F      G
               +--------+--------+--------+--------+--------+-----+--------+
         Total |  12595 |  11428 |   1167 |   1719 |   7857 |  14 |  899.6 |
       Dungeon |  11942 |  10782 |   1160 |   1418 |   7698 |  11 | 1085.6 |
        Temple |    202 |    195 |      7 |     89 |     91 |   1 |  202.0 |
          Lair |     13 |     13 |      0 |      0 |      0 |   1 |   13.0 |
        Bailey |    436 |    436 |      0 |    212 |     68 |   1 |  436.0 |
               +--------+--------+--------+--------+--------+-----+--------+

Top non-repeatable levels by time:
     D:8: 1783 daAuts
     D:7: 1394 daAuts
     D:4: 1391 daAuts
     D:5: 1366 daAuts
    D:10: 1258 daAuts
     D:9: 1238 daAuts
     D:6: 1093 daAuts
     D:2: 1027 daAuts
     D:3: 799 daAuts
     D:1: 581 daAuts
  Bailey: 436 daAuts
  Temple: 202 daAuts
  Lair:1: 13 daAuts
    D:11: 6 daAuts
